 Dungeon Crawl Stone Soup version 0.31-a0-229-g1fc7ce93e2 (webtiles) character file.

Game seed: 9171348449879513164

462 qw the Shooter (level 6, -3/51 HPs)
             Began as a Minotaur Hexslinger on July 6, 2023.
             Succumbed to a kobold brigand's curare-tipped dart
             ... in a sewer.
             The game lasted 00:01:04 (2924 turns).

qw the Shooter (Minotaur Hexslinger)                Turns: 2924, Time: 00:01:04

Health: -3/51      AC:  2    Str: 12    XL:     6   Next: 79%
Magic:  6/6        EV: 13    Int: 10    God:
Gold:   140        SH:  0    Dex: 21    Spells: 6/7 levels left

rFire   . . .        Y - +0 shortbow
rCold   . . .        (shield currently unavailable)
rNeg    . . .        c - +0 robe
rPois   .            (helmet restricted)
rElec   .            (no cloak)
rCorr   .            (no gloves)
SInv    .            (no boots)
Will    .....        (no amulet)
Stlth   ++           e - +6 ring of dexterity
HPRegen 0.28/turn    (no ring)
MPRegen 0.10/turn

%: no passive effects
@: lethally poisoned (-3 -> -19), slowed, very slow
A: horns 2, retaliatory headbutt
a: no special abilities


You were in a sewer.
You visited 1 branch of the dungeon, and saw 4 of its levels.
You also visited: Sewer.

You collected 140 gold pieces.


Innate Abilities, Weirdness & Mutations

You have a pair of horns on your head.
You reflexively headbutt those who attack you in melee.


   Skills:
 + Level 3.4 Fighting
 - Level 7.2 Ranged Weapons
 - Level 3.0 Dodging
 - Level 1.0 Spellcasting
 - Level 2.0 Hexes


You had 6 spell levels left.
You knew the following spells:

 Your Spells              Type           Power      Damage    Failure   Level
a - Slow                  Hex            16%        N/A       16%         1

Your spell library contained the following spells:

 Spells                   Type           Power      Damage    Failure   Level
 Inner Flame              Hex/Fire       2%         N/A       56%         3
 Portal Projectile        Hex/Tloc       4%         N/A       56%         3
 Cause Fear               Hex            2%         N/A       83%         4

Inventory:

Hand Weapons
 Y - a +0 shortbow (weapon)
Armour
 c - a +0 robe (worn)
Jewellery
 e - a +6 ring of dexterity (left hand)
Scrolls
 b - a scroll of identify
Potions
 a - a potion of might {unknown}
 f - a potion of berserk rage {unknown}

Dungeon Overview and Level Annotations

Branches:
Dungeon (4/15)              Sewer (1/1)
 Temple: D:4-7

Altars:
Cheibriados
Dithmenos
Elyvilon
Makhleb
Nemelex Xobeh
Qazlal
Sif Muna
Zin

Shops:
D:2 (

Annotations:
D:3 1 runed translucent door, qw's ghost, amateur MiHs


Message History

You feel very sick.
The kobold throws a stone.
The stone barely misses you.
The kobold throws a stone.
The stone barely misses you.
You shoot an arrow. The arrow hits the kobold!
You kill the kobold!
You hear a splash. x2
You feel very sick.
You shoot an arrow.
The arrow closely misses the kobold brigand.
You feel sick.
A kobold comes into view. It is wielding a +0 short sword.
You shoot an arrow. The arrow hits the kobold.
You kill the kobold!
You hear a splash. x2
You feel sick.
The kobold brigand throws a curare-tipped dart.
The curare-tipped dart hits you.
You are more poisoned.
You have difficulty breathing.
You feel as though you will be slow longer.
You shoot an arrow. The arrow hits the kobold brigand!
The kobold brigand is heavily wounded.
You feel very sick.
The kobold throws a stone.
The stone closely misses you.
You shoot an arrow. The arrow hits the kobold brigand.
The kobold brigand is heavily wounded.
You feel very sick.
The kobold brigand throws a curare-tipped dart.
The curare-tipped dart hits you.
You are lethally poisoned!
You have difficulty breathing.
You feel as though you will be slow longer.
You shoot an arrow.
The arrow barely misses the kobold brigand.
The arrow closely misses the kobold.
You feel extremely sick.
You shoot an arrow.
The arrow hits the kobold brigand but does no damage.
The kobold brigand is heavily wounded.
You die...

#~# #~# #~# #~# #~# #~#
#~# ##~########
#######.~@.~~K.~.
#######...~...~.~~~)K.~
#~~~~~~~~~~~~~~~~~~~~~~
#~~~~~~~~~~~~~~~~~~~~~~~
###~~~~~~~~~~~~~h~~~~~~~
######.....~~.~~~)~)..
###.###..~..~.~.. #\#
########### ###


You could see a kobold brigand, a jackal and a kobold.

Vanquished Creatures
  Grinder (D:4)
  2 hounds (D:4)
  3 gnolls (D:3)
  8 adders
  4 river rats (Sewer)
  2 worms (D:3)
  2 dart slugs
  6 ball pythons
  4 bats
  4 endoplasms (D:1)
  5 giant cockroaches
  5 goblins
  9 hobgoblins
  3 jackals (Sewer)
  A quokka (D:1)
  3 frilled lizards (D:2)
  7 kobolds
  7 rats
76 creatures vanquished.

Notes
Turn   | Place    | Note
-------+----------+-------------------------------------------
     0 | D:1      | qw the Minotaur Hexslinger began the quest for the Orb.
     0 | D:1      | Reached XP level 1. HP: 16/16 MP: 1/1
     0 | D:1      | 0 ||| qw: Version: 0.3-a-46-gb1f654a
     0 | D:1      | 0 ||| qw: Game counter: 1411
     0 | D:1      | 0 ||| qw: Melee chars always use a shield: true
     0 | D:1      | 0 ||| qw: God list: Okawaru
     0 | D:1      | 0 ||| qw: Allow faded altars: false
     0 | D:1      | 0 ||| qw: Do Orc after clearing Dungeon:15 true
     0 | D:1      | 0 ||| qw: Do second Lair branch before Depths: true
     0 | D:1      | 0 ||| qw: Lair rune preference: random
     0 | D:1      | 0 ||| qw: Goals: Normal
     0 | D:1      | 0 ||| PLANNING D:1-11
   128 | D:1      | Reached skill level 3 in Ranged Weapons
   154 | D:1      | Reached XP level 2. HP: 14/23 MP: 2/2
   592 | D:1      | Reached XP level 3. HP: 29/29 MP: 3/3
   606 | D:1      | 606 ||| SWAPPING to +0 shortbow.
   607 | D:1      | 607 ||| DROPPING +1 sling.
   699 | D:1      | 699 ||| READING scroll labelled MEHUORCH POADGH.
   752 | D:1      | 752 ||| READING scroll labelled TESASI NIXI.
   753 | D:1      | 753 ||| DROPPING scroll of poison.
   831 | D:2      | Reached skill level 4 in Ranged Weapons
   995 | D:2      | Found Wauckan's Weapon Shoppe.
  1116 | D:2      | Reached XP level 4. HP: 32/36 MP: 4/4
  1573 | D:2      | 1573 ||| UPGRADING to +6 ring of dexterity.
  1574 | D:2      | 1574 ||| READING scroll labelled KOPUYH IZEISHRO.
  1575 | D:2      | 1575 ||| READING scroll labelled IXZA GAMIBRAPN.
  1576 | D:2      | 1576 ||| READING scroll labelled EHESYC TYUCE.
  1577 | D:2      | 1577 ||| READING scroll labelled HYXKIN LOUSH.
  1580 | D:2      | 1580 ||| READING scroll labelled KOTEYWA YPHIOL.
  1627 | D:3      | Found a runed translucent door.
  1628 | D:3      | Noticed qw's ghost (amateur MiHs)
  1648 | D:3      | Found a stormy altar of Qazlal.
  1653 | D:3      | Found a glowing silver altar of Zin.
  1656 | D:3      | Found a burning altar of Makhleb.
  1658 | D:3      | Found a shimmering blue altar of Sif Muna.
  1658 | D:3      | Found a shadowy altar of Dithmenos.
  1661 | D:3      | Found a sparkling altar of Nemelex Xobeh.
  1663 | D:3      | Found a snail-covered altar of Cheibriados.
  1847 | D:3      | Reached skill level 5 in Ranged Weapons
  2080 | D:3      | Reached skill level 3 in Fighting
  2519 | D:3      | 2519 ||| READING scroll labelled KECAIT VIZEIFI.
  2528 | D:4      | 2528 ||| PLANNING SEWER
  2530 | D:4      | Reached XP level 5. HP: 45/45 MP: 5/5
  2579 | D:4      | Found a white marble altar of Elyvilon.
  2641 | D:4      | Noticed Grinder
  2647 | D:4      | Paralysed by Grinder for 4 turns
  2651 | D:4      | 2651 ||| FLEEEEING.
  2652 | D:4      | 2652 ||| FLEEEEING.
  2653 | D:4      | 2653 ||| FLEEEEING.
  2654 | D:4      | 2654 ||| FLEEEEING.
  2655 | D:4      | 2655 ||| FLEEEEING.
  2656 | D:4      | 2656 ||| FLEEEEING.
  2663 | D:4      | Killed Grinder
  2664 | D:4      | Reached skill level 7 in Ranged Weapons
  2664 | D:4      | Reached XP level 6. HP: 48/51 MP: 6/6
  2678 | D:4      | Found a glowing drain.
  2697 | D:4      | 2697 ||| DRINKING 2 green potions.
  2698 | D:4      | 2698 ||| DROPPING potion of brilliance.
  2755 | Sewer    | Entered a sewer
  2764 | Sewer    | Reached skill level 3 in Dodging
  2883 | Sewer    | 2883 ||| Stepping ~*~*~tactically~*~*~ (water).
  2922 | Sewer    | HP: 9/51 [asphyx]
  2923 | Sewer    | HP: 2/51 [poisoned by a kobold brigand (curare-tipped
                  | dart)]
  2924 | Sewer    | Succumbed to a kobold brigand's curare-tipped dart

Levels and vault maps discovered:
D:1:      lemuel_arrival_river_ford, layout_basic, serial_rivers,
          chequers_serial_rivers_small_a, chequers_serial_rivers_micro_a,
          chequers_serial_rivers_room_a, chequers_serial_rivers_micro_d,
          chequers_serial_rivers_marsh, chequers_serial_rivers_small_b
D:2:      layout_basic, serial_shops, nicolae_shop_bloodbath_and_beyond
D:3:      layout_basic, minitemple, ebering_ghost_reflecting_pool,
          kennysheep_generic_room_14
D:4:      layout_basic, elyvilon_altar_1, lemuel_mausoleum_altar_kikubaaqudgha,
          serial_shops, nicolae_shop_just_a_little_nook, gup_sewer_entry_glass,
          uniq_grinder
Sewer:    sewer_kobolds

Skill      XL: |  1  2  3  4  5  6 |
---------------+-------------------+-----
Ranged Weapons | 3 4 5 7 |  7.2
Fighting       | 2 3 |  3.4
Dodging        | 3 |  3.0
Spellcasting   | |  1.0
Hexes          | |  2.0

Action                     |  1- 3 |  4- 6 || total
---------------------------+-------+-------++-------
   Fire: Sling             |    67 |       ||    67
         Shortbow          |    47 |   141 ||   188
    Use: Scroll            |     2 |     6 ||     8
         Potion            |       |     1 ||     1
 Armour: Robe              |    13 |     6 ||    19
  Dodge: Dodged            |    51 |    45 ||    96

Table legend:
 A = Non-vault XP
 B = Vault XP
 C = Vault XP percentage of total XP
 D = Non-vault monster count
 E = Vault monster count
 F = Vault count percentage of total count
                 A         B        C        D         E       F
            +---------+---------+-------+---------+---------+-------
      Total |     284 |     377 |  57.0 |      55 |      21 |  27.6
            +---------+---------+-------+---------+---------+-------
        D:1 |      42 |       0 |   0.0 |      21 |       0 |   0.0
        D:2 |      78 |       0 |   0.0 |      18 |       0 |   0.0
        D:3 |      75 |       0 |   0.0 |      13 |       0 |   0.0
        D:4 |      89 |     312 |  77.8 |       3 |       7 |  70.0
      Sewer |       0 |      65 | 100.0 |       0 |      14 | 100.0
            +---------+---------+-------+---------+---------+-------
